 Dungeon Crawl Stone Soup version 0.19-a0-1320-g0178847 (webtiles) character file.

2924 4thArraOfDagon the Grappler (level 9, 0/74 HPs)
             Began as a Troll Ice Elementalist on Aug 31, 2016.
             Was an Initiate of Sif Muna.
             Slain by a cyclops (24 damage)
             ... on level 10 of the Dungeon.
             The game lasted 00:09:20 (1740 turns).

4thArraOfDagon the Grappler (TrIE)                  Turns: 1740, Time: 00:09:21

Health: 0/74       AC:  7    Str: 18    XL:     9   Next: 50%
Magic:  9/9        EV: 10    Int: 14    God:    Sif Muna [......]
Gold:   260        SH:  0    Dex: 10    Spells: 1 memorised, 9 levels left

rFire  . . .     SeeInvis .       - Unarmed
rCold  . . .     Gourm    +     a - +0 robe
rNeg   . . .     Faith    .     (no shield)
rPois  .         Spirit   .     (helmet restricted)
rElec  .         Dismiss  .     (no cloak)
rCorr  .         Reflect  .     (gloves unavailable)
MR     .....     Harm     .     (boots unavailable)
Stlth  +.........               (no amulet)
                                (no ring)
                                n - +2 ring of protection

@: very slightly contaminated, invisible
A: unfitting armour, claws 3, fast metabolism 3, gourmand, regeneration 1,
shaggy fur 1, tough skin 2
a: Renounce Religion


You were on level 10 of the Dungeon.
You worshipped Sif Muna.
Sif Muna was noncommittal.
You were not hungry.

You visited 2 branches of the dungeon, and saw 11 of its levels.

You collected 260 gold pieces.

Inventory:

Armour
 a - a +0 robe (worn)
Jewellery
 n - a +2 ring of protection (left claw)
Wands
 d - a wand of confusion (33/48)
Scrolls
 e - a scroll of enchant armour {unknown}
 f - 2 scrolls of immolation {unknown}
 h - 3 scrolls of identify {unknown}
 i - a scroll of teleportation {unknown}
 l - 3 scrolls of remove curse {unknown}
 o - a scroll of magic mapping {unknown}
Potions
 g - a potion of flight {unknown}
 m - a potion of heal wounds {unknown}
Books
 b - a book of Frost

   Spells                             Type                      Level
   a - Freeze                         Ice                          1
   b - Throw Frost                    Conjuration/Ice              2
   c - Ozocubu's Armour               Charms/Ice                   3
   d - Throw Icicle                   Conjuration/Ice              4
   e - Summon Ice Beast               Ice/Summoning                4
Comestibles
 c - 3 bread rations


   Skills:
 - Level 1.5 Dodging
 - Level 1.1 Stealth
 * Level 12.8 Unarmed Combat
 - Level 1.2 Spellcasting
   Level 0.6 Conjurations
 - Level 2.1 Ice Magic


You had 9 spell levels left.
You knew the following spells:

 Your Spells              Type           Power        Failure   Level  Hunger
a - Freeze                Ice            #...         12%         1    ##.....


Dungeon Overview and Level Annotations

Branches:
Dungeon (10/15)            Temple (1/1) D:7
   Lair: D:8-11         Orc: D:9-12

Altars:
Cheibriados
Elyvilon
Kikubaaqudgha
Ru
Sif Muna
Uskayaw
Vehumet

Shops:
D:4 %

Annotations:
D:6 Gruud's ghost, novice DsGl


Innate Abilities, Weirdness & Mutations

You are too large for most types of armour.
You have claws for hands.
Your metabolism is lightning-fast.
You like to eat raw meat.
Your natural rate of healing is unusually fast.
You are covered in fur. (AC +1)
You have very tough skin. (AC +2)


Message History

Sif Muna accepts your kill.
Reactivating autopickup.
You feel a bit more experienced.
Unknown command.
Unknown command.
You catch the helpless cyclops completely off-guard!
You scratch the cyclops.
The cyclops is lightly wounded.
The cyclops hits you!!
You claw the cyclops!
The cyclops is moderately wounded.
You mangle the cyclops!!
The cyclops is severely wounded.
The cyclops hits you!
You claw the cyclops!
The cyclops is almost dead.
You scratch the cyclops.
The cyclops is almost dead.
The cyclops hits you!!
You die...

########
##......##
##......(.##
#.......<..#
#.......(..#
#.......)..#
#(.......†.#
#......@.[.#
.#?.....C.##
#........#
..........(#
...........#
............
.............
...........###


You could see a cyclops.

Vanquished Creatures
  The ghost of RogueShenanigans the Martial Artist, a novice DsTm of Yredelemnul (D:9)
  A hill giant (D:10)
  Grinder (D:4)
  A sky beast (D:10)
  A black bear (D:9)
  2 ice beasts
  2 phantoms
  3 ogres
  2 centaurs (D:7)
  A big kobold (Temple)
  2 giant frogs
  A wyvern skeleton (D:8)
  3 wights (D:7)
  A howler monkey (D:6)
  3 crimson imps
  A giant frog zombie (D:6)
  A hound (D:4)
  2 orc priests
  A centaur skeleton (D:5)
  A giant frog skeleton (D:4)
  Ijyb (D:2)
  Terence (D:3)
  5 worker ants
  2 orc wizards (D:5)
  A hound zombie (D:6)
  A hound skeleton (D:9)
  A howler monkey zombie (D:8)
  3 adders
  A shadow imp (D:5)
  An adder skeleton (D:7)
  A giant gecko (D:2)
  15 orcs
  A hobgoblin (D:2)
  A quokka (D:5)
  2 giant newts
  2 kobolds (D:7)
  2 rats
72 creatures vanquished.

Notes
Turn   | Place    | Note
-------+----------+-------------------------------------------
     0 | D:1      | 4thArraOfDagon the Troll Ice Elementalist began the quest for the Orb.
     0 | D:1      | Reached XP level 1. HP: 16/16 MP: 1/1
    60 | D:2      | Reached skill level 1 in Unarmed Combat
    76 | D:2      | Noticed Ijyb
   119 | D:2      | Killed Ijyb
   119 | D:2      | Reached skill level 2 in Unarmed Combat
   119 | D:2      | Reached XP level 2. HP: 13/24 MP: 2/2
   119 | D:2      | Reached XP level 3. HP: 17/31 MP: 3/3
   307 | D:3      | Noticed Terence
   315 | D:3      | Killed Terence
   315 | D:3      | Reached skill level 3 in Unarmed Combat
   353 | D:4      | Reached XP level 4. HP: 34/39 MP: 4/4
   386 | D:4      | Reached skill level 4 in Unarmed Combat
   442 | D:4      | Noticed an ogre
   468 | D:4      | Killed an ogre
   468 | D:4      | Reached skill level 5 in Unarmed Combat
   468 | D:4      | Reached XP level 5. HP: 17/45 MP: 5/5
   523 | D:5      | Entered Level 5 of the Dungeon
   523 | D:5      | Noticed an ogre
   531 | D:5      | Killed an ogre
   531 | D:5      | Reached skill level 6 in Unarmed Combat
   531 | D:5      | Reached XP level 6. HP: 32/53 MP: 6/6
   562 | D:4      | Found Maumue's Food Shoppe.
   567 | D:4      | Noticed Grinder
   598 | D:4      | Paralysed by Grinder for 6 turns
   604 | D:4      | Killed Grinder
   604 | D:4      | Reached skill level 7 in Unarmed Combat
   620 | D:4      | Found a radiant altar of Vehumet.
   633 | D:4      | Reached XP level 7. HP: 38/59 MP: 7/7
   743 | D:5      | Reached skill level 8 in Unarmed Combat
   873 | D:6      | Reached skill level 9 in Unarmed Combat
   937 | D:6      | Reached XP level 8. HP: 26/67 MP: 8/8
  1012 | D:6      | Noticed Gruud's ghost (novice DsGl)
  1159 | D:7      | Reached skill level 10 in Unarmed Combat
  1329 | D:7      | Found a staircase to the Ecumenical Temple.
  1339 | Temple   | Entered the Ecumenical Temple
  1349 | Temple   | Became a worshipper of Sif Muna the Loreminder
  1350 | Temple   | Reached skill level 11 in Unarmed Combat
  1602 | D:9      | Noticed RogueShenanigans's ghost (novice DsTm)
  1602 | D:9      | Reached XP level 9. HP: 73/74 MP: 9/9
  1628 | D:9      | Killed RogueShenanigans's ghost
  1628 | D:9      | Reached skill level 12 in Unarmed Combat
  1719 | D:10     | Entered Level 10 of the Dungeon
  1720 | D:10     | Noticed a hill giant
  1721 | D:10     | Noticed a cyclops
  1728 | D:10     | Killed a hill giant
  1740 | D:10     | Slain by a cyclops

Vault maps used:
D:1:      roderic_crossed_star, interstate_on_off
D:2:      uniq_iyjb, uniq_crazy_yiuf_cottage
D:3:      uniq_terence
D:4:      nicolae_overflow_crystal_walls, serial_shops,
          nicolae_shop_statue_plus, first_bread, uniq_edmund, uniq_grinder
D:5:      grunt_ministairs_12
D:6:      patterned_corridor
D:8:      david_lair_generic, hangedman_little_slice_of_home
D:9:      serial_shops, shop
Temple:   regret_index_temple_chain_breaker

Skill      XL: |  1  2  3  4  5  6  7  8  9 |
---------------+----------------------------+-----
Unarmed Combat | 2 3 5 6 7 9 11 12 | 12.8
Dodging        | |  1.5
Stealth        | |  1.1
Spellcasting   | |  1.2
Conjurations   | |  0.6
Ice Magic      | |  2.1

Action                   |  1- 3 |  4- 6 |  7- 9 || total
-------------------------+-------+-------+-------++-------
Melee: Unarmed           |    65 |    54 |   202 ||   321
       Punch             |       |     1 |     5 ||     6
  Use: Potion            |       |     1 |     4 ||     5
 Stab: Sleeping          |       |       |     1 ||     1
       Invisible         |       |       |     3 ||     3
  Eat: Chunk             |     5 |     6 |     6 ||    17
Armor: Robe              |    15 |    14 |    56 ||    85
Dodge: Dodged            |    20 |    20 |    88 ||   128
